 Dungeon Crawl Stone Soup version 0.24.0-28-g17ded55e90 (webtiles) character file.

Game seed: 5936293052203270056, levelgen mode: deterministic

10658 Flugslaktarn the Cleaver (level 11, -4/100 HPs)
             Began as a Deep Dwarf Fighter on Nov 12, 2019.
             Was an Elder of Makhleb.
             Blown up by an eye of devastation (24 damage)
             ... with a bolt of energy
             ... in a Gauntlet.
             The game lasted 00:06:46 (6232 turns).

Flugslaktarn the Cleaver (Deep Dwarf Fighter)       Turns: 6232, Time: 00:06:46

Health: -4/100     AC: 18    Str: 26      XL:     11   Next: 39%
Magic:  2/2        EV:  6    Int:  5 (7)  God:    Makhleb [****..]
Gold:   665        SH: 12    Dex: 12      Spells: 10/10 levels left

rFire    . . .     SeeInvis .   r - +0 hand axe (vamp)
rCold    . . .     Gourm    .   c - +0 shield
rNeg     . . .     Faith    .   D - +0 plate armour
rPois    .         Spirit   .   (no helmet)
rElec    +         Reflect  .   b - +0 cloak of Elyvilon's Castigation {rElec rCorr Int-2 Stlth+}
rCorr    +         Harm     .   (no gloves)
MR       +....     Rnd*Rage +   A - +2 pair of boots Stlth ..........NoTele +
                                i - amulet of the Slug {+Blink +Rage Str+3}
HPRegen  0.00/turn              (no ring)
MPRegen  0.08/turn              (no ring)

@: non-regenerating
A: damage resistance, heal wounds, berserk 1, sense surroundings 2, no
regeneration
a: Heal Wounds, Minor Destruction, Lesser Servant of Makhleb, Major Destruction,
Renounce Religion, Evoke Blink, Evoke Berserk Rage


You were in a Gauntlet.
You worshipped Makhleb.
Makhleb was greatly pleased with you.
You were very hungry.

You visited 2 branches of the dungeon, and saw 11 of its levels.
You also visited: Gauntlet.

You collected 665 gold pieces.

Inventory:

Hand Weapons
 a - a +0 war axe
 h - a +2 hand axe of chopping
   (You found it on level 6 of the Dungeon)
 r - a +0 vampiric hand axe (weapon)
   (You took it off an orc on level 9 of the Dungeon)
Armour
 b - the +0 cloak of Elyvilon's Castigation (worn) {rElec rCorr Int-2 Stlth+}
   (You found it on level 8 of the Dungeon)

   It affects your intelligence (-2).
   It insulates you from electricity.
   It provides partial protection from all sources of acid and corrosion.
   It makes you more stealthy.
 c - a +0 shield (worn)
 A - a +2 pair of boots (worn)
   (You found it on level 7 of the Dungeon)
 D - a +0 plate armour (worn)
   (You found it on level 8 of the Dungeon)
Jewellery
 i - the amulet of the Slug (around neck) {+Blink +Rage Str+3}
   (You found it in a Gauntlet)

   [amulet of rage]

   It affects your strength (+3).
   It lets you blink.
   It lets you go berserk.
 n - a cursed -3 ring of strength {unknown}
   (You found it on level 9 of the Dungeon)
 x - an uncursed ring of ice
   (You found it on level 7 of the Dungeon)
 y - an uncursed ring of ice
   (You found it on level 6 of the Dungeon)
 F - an uncursed amulet of rage {unknown}
   (You found it in a Gauntlet)
Wands
 g - a wand of iceblast (4)
   (You found it on level 8 of the Dungeon)
 B - a wand of scattershot (7)
   (You found it on level 9 of the Dungeon)
 E - a wand of paralysis (10)
   (You found it on level 9 of the Dungeon)
 G - a wand of acid (10)
   (You found it on level 1 of the Lair of Beasts)
Scrolls
 f - a scroll of fog
 o - a scroll of vulnerability
 p - 2 scrolls of enchant weapon
 t - 8 scrolls of teleportation
 v - 3 scrolls of brand weapon {unknown}
 w - 4 scrolls of remove curse
 C - a scroll of magic mapping
Potions
 d - 3 potions of might
 j - a potion of mutation {unknown}
 k - 2 potions of brilliance
 l - 3 potions of invisibility
 m - 2 potions of degeneration {unknown}
 q - 4 potions of curing
 s - 3 potions of agility
 u - a potion of lignification {unknown}
 z - a potion of flight {unknown}
Comestibles
 e - 27 rations


   Skills:
 + Level 7.3 Fighting
 * Level 11.5 Axes
 + Level 8.9 Armour
 + Level 8.8 Shields
 + Level 9.3 Invocations


You had 10 spell levels left.
You didn't know any spells.
Your spell library was empty.

Dungeon Overview and Level Annotations

Branches:
Dungeon (10/15)            Temple (0/1) D:7            Lair (1/6) D:9
    Orc (0/2) D:9         Gauntlet (1/1)

Altars:
Cheibriados
Dithmenos
Elyvilon
Gozag
Makhleb
Nemelex Xobeh
Okawaru
Qazlal
Ru
Sif Muna
Uskayaw
Wu Jian
Zin

Portals:
Volcano: Lair:1

Annotations:
D:8 1 runed translucent door, exclusion: 2 goblins, Raspi's ghost, novice GrAr Gauntlet 7 transporters, exclusion: orange crystal statue


Innate Abilities, Weirdness & Mutations

You are resistant to damage.
You can heal yourself by infusing magical energy.
You passively map the area around you.
You do not regenerate.
You tend to lose your temper in combat.


Message History

The eye of devastation pulsates ominously.
The floating eye seems to glare at you. The eye of devastation gazes at you.
The bolt of energy hits you!!
* * * LOW HITPOINT WARNING * * *
The floating eye gazes piercingly through you!
You shrug off the repeated paralysis!
The floating eye gazes piercingly through you!
You shrug off the repeated paralysis!
Your hellwing hits the plant.
Your hellwing hits the plant but does no damage.
The floating eye's view fixates on you.
You can move again.
Unknown command.
You slash the floating eye!
You feel better.
You kill the floating eye!
Makhleb accepts your kill.
You feel better.
You hit the eye of devastation.
You feel better. The eye of devastation gazes at you.
The bolt of energy hits you!!
You die...

#####...###########..###
....#...#....#..#.#..#
.P..#...#..4#P.#P.#..###
P#P.#####..#P.#P.##..#8#
PP..#...#.#P.#P.#.#..###
....#©.©##P©#P.#.©#..#
..P.#...#.#P.#P.#G#..###
P#..#####..#P.#.G##..#8#
..P.#...#...#..#@!#..###
....#.8.#....#.3#.#..#
#####...###########..###
.....................#8#
....................≈###
######################
#8# #8# #8# #8# #8# ###
### ### ### ###


You could see an eye of devastation, a floating eye, a friendly hellwing and a
friendly ynoxinul.

Vanquished Creatures
  A death scarab (Gauntlet)
  A spiny frog (Lair:1)
  A komodo dragon (Lair:1)
  A troll (D:8)
  A slime creature (D:5)
  7 blink frogs (Lair:1)
  A hippogriff (Lair:1)
  A spriggan (D:7)
  Eustachio (D:4)
  Grum (D:9)
  A hungry ghost (D:8)
  6 yaks (Lair:1)
  3 wargs (D:9)
  Menkaure (D:5)
  A floating eye (Gauntlet)
  3 water moccasins (Lair:1)
  2 porcupines (Lair:1)
  3 ice beasts
  4 ogres
  2 orc warriors (D:7)
  A phantom (D:8)
  4 centaurs
  4 wolves (D:9)
  2 crocodiles (Lair:1)
  4 big kobolds
  7 bullfrogs
  7 scorpions
  9 wights (D:6)
  3 howler monkeys
  2 crimson imps
  2 quasits
  6 orc priests
  4 hounds
  4 jellies (D:5)
  A centaur skeleton (D:7)
  A bullfrog skeleton (D:6)
  An iguana (D:7)
  5 orc wizards
  2 worker ants
  3 worker ant zombies
  3 gnolls (D:3)
  A howler monkey skeleton (D:3)
  12 adders
  6 oozes
  An adder skeleton (D:10)
  An adder zombie (D:9)
  2 dart slugs (D:3)
  4 leopard geckos
  31 orcs
  6 giant cockroaches
  3 goblins
  A hobgoblin (D:1)
  10 jackals
  4 quokkas
  4 bats
  4 frilled lizards
  11 kobolds
  2 leopard gecko skeletons
  4 rats
  A fungus (D:5)
225 creatures vanquished.

Vanquished Creatures (collateral kills)
  A two-headed ogre (D:9)
  A spectral hydra (Gauntlet)
  A hornet (D:7)
  A neqoxec (Gauntlet)
  A chaos spawn (Gauntlet)
  A sky beast (D:9)
  An adder (D:9)
  A fungus (Gauntlet)
  A plant (Gauntlet)
9 creatures vanquished.

Vanquished Creatures (others)
  A plant (Gauntlet)
  8 toadstools (D:5)
  5 withered plants (Gauntlet)
14 creatures vanquished.

Grand Total: 248 creatures vanquished

Notes
Turn   | Place    | Note
-------+----------+-------------------------------------------
     0 | D:1      | Flugslaktarn the Deep Dwarf Fighter began the quest for the
                  | Orb.
     0 | D:1      | Reached XP level 1. HP: 20/20 MP: 1/1
    59 | D:2      | Reached XP level 2. HP: 27/27 MP: 1/1
    60 | D:2      | Found a burning altar of Makhleb.
    71 | D:2      | Reached skill level 3 in Axes
    71 | D:2      | Reached XP level 3. HP: 28/34 MP: 2/2
    79 | D:2      | Became a worshipper of Makhleb the Destroyer
   155 | D:2      | Found a burning altar of Makhleb.
   182 | D:2      | Found an opulent altar of Gozag.
   199 | D:2      | You fall into a shaft and drop 1 floor!
   199 | D:3      | Found a sparkling altar of Nemelex Xobeh.
   265 | D:3      | Reached skill level 1 in Invocations
   265 | D:3      | Reached XP level 4. HP: 24/42 MP: 3/3
   359 | D:3      | Reached * piety under Makhleb
   935 | D:2      | Reached XP level 5. HP: 38/49 MP: 4/4
   979 | D:2      | Found a glowing silver altar of Zin.
  1115 | D:4      | Reached skill level 4 in Axes
  1147 | D:4      | Noticed Eustachio
  1276 | D:4      | Killed Eustachio
  1276 | D:4      | Reached XP level 6. HP: 45/56 MP: 4/4
  1552 | D:4      | Reached skill level 5 in Axes
  1655 | D:4      | Reached ** piety under Makhleb
  1947 | D:5      | Entered Level 5 of the Dungeon
  1952 | D:5      | Reached XP level 7. HP: 41/63 MP: 6/6
  2047 | D:5      | Reached skill level 5 in Armour
  2063 | D:5      | Reached skill level 5 in Shields
  2069 | D:5      | Reached skill level 6 in Axes
  2159 | D:5      | Found a shadowy altar of Dithmenos.
  2173 | D:5      | Reached XP level 8. HP: 45/73 MP: 6/6
  2602 | D:5      | Noticed Menkaure
  2617 | D:5      | Killed Menkaure
  2628 | D:5      | Found a hide-covered altar of Uskayaw.
  2713 | D:5      | Reached skill level 7 in Axes
  2786 | D:5      | Noticed a slime creature
  2790 | D:5      | Reached *** piety under Makhleb
  2793 | D:5      | Reached skill level 5 in Invocations
  2804 | D:5      | Killed a slime creature
  2804 | D:5      | Reached skill level 5 in Fighting
  2898 | D:6      | Found a stormy altar of Qazlal.
  3031 | D:6      | Gained mutation: You passively map the area around you.
                  | [Deep Dwarf growth]
  3031 | D:6      | Reached XP level 9. HP: 80/81 MP: 5/5
  3134 | D:6      | Reached skill level 8 in Axes
  3771 | D:7      | Found an ornate altar of the Wu Jian Council.
  3848 | D:7      | Found a staircase to the Ecumenical Temple.
  4069 | D:7      | Reached skill level 9 in Axes
  4150 | D:8      | Found a snail-covered altar of Cheibriados.
  4156 | D:8      | Found an iron altar of Okawaru.
  4213 | D:8      | Reached **** piety under Makhleb
  4379 | D:8      | Found a white marble altar of Elyvilon.
  4450 | D:8      | Found a sacrificial altar of Ru.
  4488 | D:8      | Reached XP level 10. HP: 75/91 MP: 7/7
  4595 | D:8      | Found a runed translucent door.
  4672 | D:8      | Noticed Raspi's ghost (novice GrAr)
  4712 | D:9      | Noticed Grum
  4714 | D:9      | Found a staircase to the Orcish Mines.
  4754 | D:9      | Killed Grum
  4839 | D:9      | Reached skill level 10 in Axes
  4926 | D:9      | Found a staircase to the Lair.
  5088 | D:9      | Noticed a two-headed ogre
  5128 | D:9      | Killed a two-headed ogre
  5252 | D:9      | Found a shimmering blue altar of Sif Muna.
  5339 | D:10     | Entered Level 10 of the Dungeon
  5422 | D:8      | Got an encrusted cloak
  5428 | D:8      | Identified the +0 cloak of Elyvilon's Castigation {rElec
                  | rCorr Int-2 Stlth+} (You found it on level 8 of the
                  | Dungeon)
  5475 | Lair:1   | Entered Level 1 of the Lair of Beasts
  5600 | Lair:1   | Reached XP level 11. HP: 92/99 MP: 3/3
  5604 | Lair:1   | Reached skill level 11 in Axes
  5839 | Lair:1   | Found a gate leading to a gauntlet.
  5858 | Lair:1   | Found a dark tunnel.
  5911 | Gauntlet | Entered a Gauntlet
  5911 | Gauntlet | Found a transporter.
  5911 | Gauntlet | Found a transporter.
  5911 | Gauntlet | Found a transporter.
  5911 | Gauntlet | Noticed a death yak
  5911 | Gauntlet | Noticed a death yak
  5911 | Gauntlet | Noticed a death yak
  5911 | Gauntlet | Noticed a death yak
  5911 | Gauntlet | Noticed a death yak
  5911 | Gauntlet | Noticed a death yak
  5915 | Gauntlet | Found a transporter.
  5915 | Gauntlet | Found a transporter.
  5924 | Gauntlet | Noticed an orange crystal statue
  5925 | Gauntlet | Found a transporter.
  5992 | Gauntlet | Found a transporter.
  6001 | Gauntlet | Noticed a death scarab
  6002 | Gauntlet | Found a transporter.
  6017 | Gauntlet | Found a transporter.
  6031 | Gauntlet | Found a transporter.
  6042 | Gauntlet | Found a transporter.
  6048 | Gauntlet | Found a transporter.
  6151 | Gauntlet | Gained mutation: You tend to lose your temper in combat. [a
                  | neqoxec]
  6165 | Gauntlet | Killed a death scarab
  6169 | Gauntlet | Got a smoking diamond amulet
  6183 | Gauntlet | Identified the amulet of the Slug {+Blink +Rage Str+3} (You
                  | found it in a Gauntlet)
  6189 | Gauntlet | Paralysed by a floating eye for 3 turns
  6197 | Gauntlet | Paralysed by a floating eye for 3 turns
  6205 | Gauntlet | Paralysed by a floating eye for 3 turns
  6211 | Gauntlet | Paralysed by a floating eye for 2 turns
  6220 | Gauntlet | Paralysed by a floating eye for 3 turns
  6227 | Gauntlet | Paralysed by a floating eye for 4 turns
  6229 | Gauntlet | HP: 4/100 [disintegration (32)]
  6232 | Gauntlet | Blown up by an eye of devastation

Levels and vault maps discovered:
D:1:      matt_arrival_diagonals, layout_rooms, minmay_misc_feat_diagonals,
          roderic_serpentine_path, minmay_door_square, minmay_misc_feat_roman,
          chequers_big_river
D:2:      layout_basic, lemuel_crystal_altar, nicolae_gozag_seed_capital,
          marbit_many_paths, makhleb_heckhound_becter
D:3:      layout_rooms, old_standard_altar, first_ration
D:4:      layout_basic, wad_rectangle_vault, uniq_eustachio
D:5:      cheibrodos_fertilizer, layout_loops_ring, kennysheep_little_box,
          lemuel_coloured_pillars_altar, uniq_menkaure
D:6:      layout_basic, grunt_qazlal_sundering
D:7:      layout_rooms, old_standard_altar, minmay_temple_entry_arrows,
          the_bakery
D:8:      layout_rooms, lemuel_round_altar, nicolae_ru_sacrificial_ziggurat,
          lemuel_crystal_altar, kennysheep_okawaru_gauntlet,
          ebering_ghost_reflecting_pool, serial_glass, glass_columns_b,
          glass_columns_a
D:9:      layout_rooms, lemuel_blue_sif_altar, erik_lair_orcish_takeover,
          orc_0_dummy, uniq_grum
D:10:     layout_basic, serial_shops, shop, minmay_strange_pillars, uniq_sonja
Lair:1:   layout_concentric_octagons, enter_volcano_1, special_room
          [special_room_bee], gauntlet_entry_generic, lemuel_oklob_altar,
          grunt_megastairs_5, lemuel_fruit_tree, infiniplex_staircase_pool_2,
          uniq_fannar
Gauntlet: gammafunk_gauntlet_shortcut [nicolae_gauntlet_arena_flowing_pool,
          gammafunk_gauntlet_arena_grid, gammafunk_gauntlet_arena_chambers,
          gammafunk_gauntlet_arena_hedges,
          gammafunk_gauntlet_arena_arrow_garden, nicolae_gauntlet_swirl,
          gauntlet_exit_green]

Skill      XL: |  1  2  3  4  5  6  7  8  9 10 11 |
---------------+----------------------------------+-----
Fighting       | 3 4 5 6 7 |  7.3
Axes           | 3 4 5 6 7 9 10 11 | 11.5
Invocations    | 1 2 3 4 5 7 8 9 |  9.3
Shields        | 4 5 6 7 8 |  8.8
Armour         | 4 5 6 7 8 |  8.9

Action                   |  1- 3 |  4- 6 |  7- 9 | 10-12 || total
-------------------------+-------+-------+-------+-------++-------
Melee: War axe           |    54 |   199 |   194 |       ||   447
       Hand axe          |       |       |   229 |   474 ||   703
Invok: Lesser Servant of |       |       |     2 |     6 ||     8
 Abil: Heal Wounds       |     2 |     5 |    17 |    22 ||    46
Evoke: Wand              |       |       |       |     1 ||     1
  Use: Scroll            |       |       |    15 |       ||    15
       Potion            |       |       |     2 |     1 ||     3
  Eat: Chunk             |       |     4 |    11 |     5 ||    20
Armor: Scale mail        |    16 |   185 |   115 |       ||   316
       Plate armour      |       |       |     5 |   333 ||   338
Dodge: Dodged            |    17 |   148 |   113 |   108 ||   386
Block: Shield            |    24 |   222 |   220 |   360 ||   826
